[Event "Titled Tuesday Blitz April 12 Late 2022"]
[White "Harish, Neeraj"]
[Black "Novikova, Galina"]
[WhiteFideId "30958130"]
[BlackFideId "4157095"]
[WhiteElo "1574"]
[BlackElo "1863"]
[Result "1-0"]
[Round "07"]
[TimeControl "180+1"]
[Date "2022.04.13"]
[WhiteClock "0:00:19"]
[BlackClock "0:01:59"]

1. e4 e6 2. d4 d5 3. Nc3 Bb4 4. e5 c5 5. a3 Bxc3+ 6. bxc3 Ne7 7. h4 Nbc6 8. h5 h6 9. Qg4 Kf8 10. Nf3 Qa5 11. Bd2 Qa4 12. Rh3 b6 13. Rg3 Nf5 14. Rh3 cxd4 15. Bd3 dxc3 16. Qxa4 cxd2+ 17. Kxd2 Bd7 18. Bxf5 exf5 19. Nd4 Nxe5 20. Qb3 Nc4+ 21. Kc1 Rc8 22. Rf3 Kg8 23. Nxf5 Kh7 24. Qc3 f6 25. Nxg7 Ne5 26. Qd2 Kxg7 27. Qf4 Nxf3 28. Qxf3 Rc6 29. Ra2 Be6 30. Rb2 Rhc8 31. Qg3+ Kf7 32. Qg6+ Ke7 33. Qg7+ Kd6 34. Qxf6 Kc7 35. Qe7+ Kb8 36. f4 Bf5 37. Qe5+ Kb7 38. Qxf5 Rc5 39. Qg6 d4 40. Kd2 Rc3 41. Qxh6 Rg3 42. Qh7+ Ka6 43. h6 Rxg2+ 44. Kd3 Rc3+ 45. Kxd4 Rxa3 46. Qg7 Rxg7 47. hxg7 Rg3 48. f5 Rxg7 49. Ke5 Rg1 50. f6 Rf1 51. Ke6 Ka5 52. f7 Ka4 53. Ke7 b5 54. f8=Q Rxf8 55. Kxf8 a5 56. Ke7 b4 57. Kd6 Ka3 58. Rb3+ Ka2 59. Kc5 Ka1 60. Kb5 1-0


[Site "https://www.chess.com"]

[Event "Titled Tuesday Blitz April 12 Late 2022"]
[White "Hoffmann, Asa"]
[Black "Martic, Ivan"]
[WhiteFideId "2001470"]
[BlackFideId "929301"]
[WhiteElo "2117"]
[BlackElo "2317"]
[Result "0-1"]
[Round "07"]
[TimeControl "180+1"]
[Date "2022.04.13"]
[WhiteClock "0:00:40"]
[BlackClock "0:00:36"]

1. d4 Nf6 2. Bg5 d5 3. Nd2 e6 4. e3 Be7 5. Bd3 c5 6. c3 Nbd7 7. f4 b6 8. Ngf3 a5 9. Qe2 h6 10. Bh4 Bb7 11. O-O Qc8 12. Bb5 Ba6 13. a4 Bxb5 14. Qxb5 Qa6 15. Ne5 Qxb5 16. axb5 Nxe5 17. fxe5 Nd7 18. Bg3 O-O 19. e4 cxd4 20. cxd4 Bb4 21. Rfd1 Rfc8 22. exd5 exd5 23. Nf1 Rc2 24. Ne3 Rxb2 25. Nxd5 Rc8 26. Rab1 Rxb1 27. Rxb1 Bf8 28. Bf4 Rc4 29. Be3 a4 30. Rc1 Rxc1+ 31. Bxc1 a3 32. Nc3 g5 33. Kf2 Kg7 34. Ke2 Kg6 35. Kd3 Kf5 36. h3 h5 37. g3 g4 38. h4 Bb4 39. Nd5 a2 40. Bb2 Be1 41. Ne3+ Kg6 42. Nf1 Kf5 43. Ne3+ Kg6 44. Nf1 Nf8 45. d5 Nd7 46. e6 fxe6 47. dxe6 Nc5+ 48. Kc2 Nxe6 49. Kb3 Kf5 50. Kxa2 Ke4 51. Kb3 Kf3 52. Kc2 Bxg3 53. Nxg3 Kxg3 54. Bf6 Kf3 55. Kd3 g3 56. Kc4 g2 57. Kd5 Nf4+ 58. Kc6 g1=Q 59. Bd4 Qxd4 0-1


[Site "https://www.chess.com"]

[Event "Titled Tuesday Blitz April 12 Late 2022"]
[White "Horcajuelo Rocamora, Martin"]
[Black "Senthilkumar, Pranav"]
[WhiteFideId "24573027"]
[BlackFideId "2083477"]
[WhiteElo "1822"]
[BlackElo "2378"]
[Result "0-1"]
[Round "07"]
[TimeControl "180+1"]
[Date "2022.04.13"]
[WhiteClock "0:00:03"]
[BlackClock "0:00:15"]

1. e4 e5 2. Nf3 Nc6 3. Bb5 a6 4. Ba4 Nf6 5. d3 b5 6. Bb3 d6 7. c3 Be7 8. O-O Bb7 9. Re1 O-O 10. Nbd2 Nb8 11. Nf1 Nbd7 12. Ng3 Re8 13. a4 c5 14. h3 Bf8 15. Be3 Nb6 16. axb5 axb5 17. Qe2 Rxa1 18. Rxa1 Qc7 19. Nf5 d5 20. exd5 Nbxd5 21. Ng5 h6 22. Ne4 Nxe4 23. dxe4 Nf6 24. f3 c4 25. Bc2 Nd7 26. Qf2 Nc5 27. Qg3 Kh8 28. Kh1 Rd8 29. Rf1 Nd3 30. Qh4 f6 31. Rd1 Kh7 32. Kh2 Bc8 33. Ng3 Nxb2 34. Rb1 Na4 35. Rxb5 Nxc3 36. Rb2 Bc5 37. Bxc5 Qxc5 38. Nh5 Ne2 39. Qe1 Nd4 40. Qg3 Qc7 41. Ba4 c3 42. Rb1 c2 43. Rc1 Ne2 44. Rxc2 Nxg3 45. Nxf6+ Kg6 46. Rxc7 Nf1+ 47. Kg1 Ng3 48. Nd5 Ne2+ 49. Kf2 Nd4 50. Bd1 Be6 51. Ne7+ Kh7 52. Nc6 Nxc6 53. Rxc6 Bxh3 54. gxh3 Rxd1 55. Re6 Rd2+ 56. Kg3 Kg8 57. Rxe5 Kf7 58. Rf5+ Ke6 59. Ra5 Rd1 60. Kf4 Rh1 61. Ra6+ Ke7 62. Kg4 Rg1+ 63. Kf4 g5+ 64. Kf5 Rg3 65. Ra7+ Kd8 66. Kg6 Rxh3 67. Rf7 Ke8 68. e5 h5 69. Kxg5 Kxf7 70. f4 Rh1 71. f5 h4 0-1


[Site "https://www.chess.com"]

[Event "Titled Tuesday Blitz April 12 Late 2022"]
[White "Ibarra Jerez, Jose Carlos"]
[Black "Nazaretyan, Tigran"]
[WhiteFideId "2226332"]
[BlackFideId "24162345"]
[WhiteElo "2626"]
[BlackElo "2225"]
[Result "1-0"]
[Round "07"]
[TimeControl "180+1"]
[Date "2022.04.12"]
[WhiteClock "0:00:34"]
[BlackClock "0:00:12"]

1. e4 c5 2. Nf3 d6 3. c3 Nf6 4. Be2 Nc6 5. d4 d5 6. exd5 Nxd5 7. c4 Nf6 8. d5 Nb4 9. a3 Na6 10. Nc3 e6 11. O-O Be7 12. Bf4 exd5 13. cxd5 Bd6 14. Bb5+ Kf8 15. Ne5 Nc7 16. Bc4 h6 17. Re1 Bf5 18. Qf3 Nce8 19. Nb5 a6 20. Nxd6 Nxd6 21. Ba2 Rc8 22. Rad1 c4 23. Bd2 Bc2 24. Rc1 Be4 25. Qh3 Bxd5 26. Bb4 Kg8 27. Bxd6 Be6 28. Nxf7 Bxh3 29. Nxd8 Rxd8 30. Bxc4+ Kh7 31. Be7 Bf5 32. Bxd8 Rxd8 33. Rcd1 b5 34. Rxd8 bxc4 35. Re7 a5 36. Rd6 Ne4 37. Rxe4 Bxe4 38. Ra6 Kg8 39. Rxa5 Kf7 40. f3 Bc2 41. Rc5 Bb3 42. a4 Ke6 43. a5 Kd6 44. Rb5 Kc6 45. Rb6+ Kc5 46. Kf2 Bc2 47. Rb8 Kc6 48. a6 c3 49. bxc3 Bd3 50. a7 Kc7 51. a8=Q Be4 52. Qa7+ Kd6 53. fxe4 1-0


[Site "https://www.chess.com"]

[Event "Titled Tuesday Blitz April 12 Late 2022"]
[White "Indjic, Aleksandar"]
[Black "Kosteniuk, Alexandra"]
[WhiteFideId "911925"]
[BlackFideId "4128125"]
[WhiteElo "2616"]
[BlackElo "2469"]
[Result "1-0"]
[Round "07"]
[TimeControl "180+1"]
[Date "2022.04.12"]
[WhiteClock "0:01:01"]
[BlackClock "0:00:23"]

1. e4 e5 2. Nf3 Nc6 3. Bb5 a6 4. Ba4 Nf6 5. O-O Be7 6. Bxc6 dxc6 7. d3 Qd6 8. Nbd2 Be6 9. b3 Nd7 10. a4 O-O-O 11. Nc4 Bxc4 12. bxc4 g5 13. Be3 g4 14. Nd2 h5 15. Rb1 c5 16. a5 Rdg8 17. Rb3 g3 18. fxg3 h4 19. g4 h3 20. g3 Qe6 21. Rf5 Nf6 22. g5 Nh7 23. Nf3 Bd6 24. Qb1 f6 25. Rxb7 fxg5 26. Ra7 Rf8 27. g4 Nf6 28. Nxg5 Qe7 29. Qb7+ Kd7 30. Rxa6 Rb8 31. Qc6+ Kc8 32. Ra8 Qe8 33. Qa6+ Kd7 34. Rxb8 Qxb8 35. Rxf6 Qb1+ 36. Rf1 Qxc2 37. Rf7+ Be7 38. Qe6+ 1-0


[Site "https://www.chess.com"]

[Event "Titled Tuesday Blitz April 12 Late 2022"]
[White "Iskusnyh, Sergei"]
[Black "Romero Ruscalleda, Josep"]
[WhiteFideId "4120027"]
[BlackFideId "2231859"]
[WhiteElo "2492"]
[BlackElo "2323"]
[Result "1-0"]
[Round "07"]
[TimeControl "180+1"]
[Date "2022.04.13"]
[WhiteClock "0:00:47"]
[BlackClock "0:00:06"]

1. d4 g6 2. c4 Bg7 3. Nf3 d6 4. g3 Nf6 5. Nc3 O-O 6. Bg2 Bf5 7. O-O Qc8 8. Re1 c5 9. e4 Bg4 10. d5 Na6 11. Bg5 h6 12. Be3 Kh7 13. Qc2 Nc7 14. e5 Nfe8 15. Bf4 dxe5 16. Bxe5 Nd6 17. Bxg7 Kxg7 18. b3 Re8 19. Ne5 Bf5 20. Qb2 Kg8 21. Qd2 Kh7 22. h4 f6 23. Nf3 b5 24. cxb5 Ncxb5 25. Nxb5 Nxb5 26. Rac1 Nd6 27. Nd4 Qd7 28. Nc6 e5 29. dxe6 Rxe6 30. Rxe6 Bxe6 31. Rd1 1-0


[Site "https://www.chess.com"]

[Event "Titled Tuesday Blitz April 12 Late 2022"]
[White "Kamsky, Gata"]
[Black "Dubov, Daniil"]
[WhiteFideId "2000024"]
[BlackFideId "24126055"]
[WhiteElo "2645"]
[BlackElo "2791"]
[Result "0-1"]
[Round "07"]
[TimeControl "180+1"]
[Date "2022.04.12"]
[WhiteClock "0:00:01"]
[BlackClock "0:00:04"]

1. e4 c5 2. Nf3 d6 3. Nc3 Nc6 4. Bc4 Nf6 5. d3 e6 6. O-O Be7 7. a3 O-O 8. Ba2 a6 9. Ne2 b5 10. Ng3 e5 11. c3 Be6 12. Bxe6 fxe6 13. Re1 Rc8 14. b4 Qd7 15. Bd2 h6 16. Qb3 Kh8 17. a4 cxb4 18. axb5 axb5 19. cxb4 Nh7 20. Be3 d5 21. Rec1 d4 22. Bd2 Rxf3 23. gxf3 Bg5 24. Ra2 Rf8 25. Kg2 Ne7 26. Bxg5 Nxg5 27. Qc2 Ng6 28. Qc7 Qxc7 29. Rxc7 Rxf3 30. Ra8+ Kh7 31. Nh5 Nh4+ 32. Kf1 Kg6 33. Ng3 Nh3 34. Ra2 Rxd3 35. Raa7 Kg5 36. Rxg7+ Ng6 37. Raf7 Nf4 38. Ke1 Rb3 39. Kd2 Rxb4 40. h4+ Kxh4 41. Nf1 Rb2+ 42. Kc1 Rxf2 43. Nd2 b4 44. Nc4 b3 45. Kb1 Rf1+ 46. Kb2 Nd3+ 47. Kxb3 Rxf7 48. Rxf7 Ndf4 49. Kc2 h5 50. Rf6 Kg3 0-1


[Site "https://www.chess.com"]

[Event "Titled Tuesday Blitz April 12 Late 2022"]
[White "Kanyamarala, Trisha"]
[Black "Zanette, Edgard Vinicius"]
[WhiteFideId "45004722"]
[BlackFideId "2109263"]
[WhiteElo "2079"]
[BlackElo "2182"]
[Result "1-0"]
[Round "07"]
[TimeControl "180+1"]
[Date "2022.04.13"]
[WhiteClock "0:00:02"]
[BlackClock "0:00:01"]

1. c4 Nf6 2. Nc3 g6 3. g3 Bg7 4. Bg2 O-O 5. Nf3 d6 6. O-O e5 7. d3 h6 8. Rb1 a5 9. a3 Nc6 10. b4 axb4 11. axb4 Qe7 12. b5 Nd8 13. Bd2 Be6 14. Qc1 Kh7 15. h4 Ng4 16. Nd5 Bxd5 17. cxd5 f5 18. h5 g5 19. Ne1 Nf6 20. Bxg5 hxg5 21. Qxg5 Qf7 22. Qxf5+ Kh8 23. Rc1 Nxh5 24. Qh3 Kg8 25. Nf3 Bf6 26. Nh2 Bg5 27. Bf3 Nf6 28. e3 Ra2 29. Bg2 Qg7 30. f4 exf4 31. exf4 Bh6 32. Bf3 Ra7 33. Ng4 Nxg4 34. Bxg4 b6 35. Be6+ Nxe6 36. dxe6 Kh8 37. Kh1 Re8 38. Rf2 Ra3 39. Rh2 Kh7 40. g4 Rh8 41. Rxc7 1-0


[Site "https://www.chess.com"]

[Event "Titled Tuesday Blitz April 12 Late 2022"]
[White "Karttunen, Mika"]
[Black "Ronka, Erik"]
[WhiteFideId "502081"]
[BlackFideId "505080"]
[WhiteElo "2635"]
[BlackElo "2487"]
[Result "0-1"]
[Round "07"]
[TimeControl "180+1"]
[Date "2022.04.13"]
[WhiteClock "0:00:02"]
[BlackClock "0:00:04"]

1. d4 d5 2. c4 c6 3. Nf3 Nf6 4. e3 Bf5 5. Nc3 a6 6. c5 Nbd7 7. Nh4 Bg4 8. f3 Bh5 9. g4 Bg6 10. g5 Ng8 11. f4 e6 12. Bh3 b6 13. cxb6 Qxb6 14. f5 exf5 15. Nxf5 O-O-O 16. Bd2 h6 17. Na4 Qc7 18. Rc1 hxg5 19. Qf3 Ngf6 20. Bf1 Kb7 21. Qe2 Nb8 22. Ng3 Ne4 23. Nxe4 Bxe4 24. Rg1 Rxh2 25. Bg2 Rxg2 26. Rxg2 Bxg2 27. Qxg2 f6 28. Kd1 Bd6 29. Kc2 Rh8 30. Kb1 Rh2 31. Qg4 Rxd2 32. b3 Nd7 33. Qf5 Nb6 34. Nc5+ Bxc5 35. Rxc5 Nd7 36. Rc1 Nb6 37. Qe6 Qd7 38. Qg8 Nc8 39. Ka1 Nd6 40. Qh8 Nb5 41. Qg8 Qe7 42. Qh7 Qa3 43. Qb1 Qb4 44. e4 Na3 0-1


[Site "https://www.chess.com"]

[Event "Titled Tuesday Blitz April 12 Late 2022"]
[White "Kazakouski, Valery"]
[Black "Svane, Rasmus"]
[WhiteFideId "13507443"]
[BlackFideId "4657101"]
[WhiteElo "2524"]
[BlackElo "2645"]
[Result "0-1"]
[Round "07"]
[TimeControl "180+1"]
[Date "2022.04.12"]
[WhiteClock "0:00:28"]
[BlackClock "0:00:38"]

1. d4 d5 2. c4 e6 3. Nc3 a6 4. cxd5 exd5 5. Nf3 Nf6 6. Bg5 Be6 7. e3 Nbd7 8. Bd3 Bd6 9. O-O c6 10. a3 Qc7 11. Qd2 Bg4 12. h3 Bxf3 13. gxf3 h6 14. Bxf6 Nxf6 15. Rac1 Qd7 16. Kg2 h5 17. f4 Rg8 18. b4 g5 19. f5 g4 20. Rg1 gxh3+ 21. Kxh3 O-O-O 22. Qe2 Ne4 23. Rxg8 Rxg8 24. Bxe4 dxe4 25. Qxh5 Qe8 26. Qe2 Rh8+ 0-1


[Site "https://www.chess.com"]

[Event "Titled Tuesday Blitz April 12 Late 2022"]
[White "Koelle, Tobias"]
[Black "Zakhartsov, Vladimir"]
[WhiteFideId "16207378"]
[BlackFideId "4145097"]
[WhiteElo "2541"]
[BlackElo "2491"]
[Result "1-0"]
[Round "07"]
[TimeControl "180+1"]
[Date "2022.04.12"]
[WhiteClock "0:00:04"]
[BlackClock "0:00:01"]

1. Nf3 d5 2. e3 Nf6 3. c4 c6 4. Nc3 Bg4 5. cxd5 cxd5 6. Qb3 Bc8 7. Ne5 a6 8. e4 Nc6 9. Nxc6 bxc6 10. e5 Nd7 11. d4 e6 12. Be3 Rb8 13. Qc2 Be7 14. Be2 O-O 15. O-O c5 16. Rfd1 cxd4 17. Bxd4 Bb7 18. a3 Bc5 19. Qd2 a5 20. Bb5 Bxd4 21. Qxd4 Qe7 22. Bxd7 Qxd7 23. Ne4 Ba8 24. Rd2 Rfc8 25. h3 Rc7 26. Rad1 Qc6 27. Nd6 h6 28. b4 Qc3 29. b5 Qxa3 30. b6 Rc1 31. Rxc1 Qxc1+ 32. Rd1 Qc2 33. Rd2 Qc1+ 34. Kh2 Qc6 35. Rb2 Bb7 36. Qd2 a4 37. Qa5 Ra8 38. Qb4 a3 39. Ra2 d4 40. f3 d3 41. Rxa3 Rxa3 42. Qxa3 Qxb6 43. Qxd3 Bd5 44. Qc3 Qb8 45. Qc5 Qf8 46. h4 Kh8 47. Qc7 Kg8 48. h5 f6 49. Qd7 fxe5 50. Kg1 Qf6 51. Qe8+ Kh7 52. Nf7 g5 53. hxg6+ Kxg6 54. Nxe5+ Kg7 55. Qd7+ Kg8 56. Qc8+ Kg7 57. Ng4 Qf7 58. Qc3+ Kh7 59. Qd3+ Kg7 60. Qd4+ Kh7 61. Qe3 Qg7 62. Qf4 h5 63. Nf6+ Kg6 64. Nxd5 exd5 65. Qd6+ Qf6 66. Qxd5 h4 67. Qe4+ Kh6 68. Qg4 Qe7 69. Kh2 Qe1 70. Qf4+ Kh5 71. Qf5+ Kh6 72. Qf6+ Kh5 73. Qf7+ Kh6 74. Qf8+ Kh7 75. Qf7+ Kh6 76. Qf4+ Kh5 77. Qg4+ Kh6 78. f4 Kh7 79. Qh5+ Kg7 80. Qg5+ Kh7 81. Qg4 Kh6 82. Qg5+ Kh7 83. f5 Kh8 84. f6 Qe8 85. Qg7# 1-0


[Site "https://www.chess.com"]

[Event "Titled Tuesday Blitz April 12 Late 2022"]
[White "Kozak, Adam"]
[Black "Zherebtsova, Alexandra"]
[WhiteFideId "753246"]
[BlackFideId "24129518"]
[WhiteElo "2459"]
[BlackElo "2025"]
[Result "1-0"]
[Round "07"]
[TimeControl "180+1"]
[Date "2022.04.13"]
[WhiteClock "0:01:57"]
[BlackClock "0:00:07"]

1. e4 e5 2. Nf3 Nc6 3. Bc4 Nf6 4. Ng5 d5 5. exd5 Na5 6. Bb5+ c6 7. dxc6 bxc6 8. Bd3 Nd5 9. h4 Nf4 10. Qf3 Nxd3+ 11. cxd3 f6 12. Ne4 Ba6 13. Rh3 Qe7 14. b3 O-O-O 15. Ba3 Qd7 16. Bxf8 Qd4 17. Nbc3 Rhxf8 18. Qe3 Bxd3 19. Qxd4 Rxd4 20. Nc5 Bf5 21. Rh2 Rfd8 22. O-O-O Nb7 23. Nxb7 Kxb7 24. f3 h6 25. g4 Bg6 26. h5 Bh7 27. Re2 Rd3 28. Re3 Kb6 29. Na4+ Kb5 30. Nb2 Rxe3 31. dxe3 Rxd1+ 32. Kxd1 Kb4 33. Nc4 Bg8 34. Nd6 Ka3 35. Kc2 Kxa2 36. b4 Ka3 37. Kc3 Bd5 38. e4 Bb3 39. Ne8 Bd1 40. Nxg7 Bxf3 41. Ne8 Bxg4 42. Nxf6 Bf3 43. Kc4 Ka4 44. Kc5 a6 45. Kc4 a5 46. bxa5 Kxa5 47. Kc5 Ka4 48. Kxc6 Kb4 49. Kd6 Kc4 50. Kxe5 Kd3 51. Kf5 Bxe4+ 52. Nxe4 Kd4 53. Nf6 Ke3 54. Ng4+ Kf3 55. Nxh6 Kg3 56. Kg6 Kh4 57. Nf7 Kg4 58. h6 Kf4 59. h7 Ke4 60. Nh6 Kd5 61. h8=Q Ke6 62. Qf6+ Kd7 63. Nf5 Ke8 64. Qe7# 1-0


[Site "https://www.chess.com"]

[Event "Titled Tuesday Blitz April 12 Late 2022"]
[White "Lalanne, Pablo"]
[Black "Gatterer, Florian"]
[WhiteFideId "112151"]
[BlackFideId "811688"]
[WhiteElo "2120"]
[BlackElo "2218"]
[Result "1/2-1/2"]
[Round "07"]
[TimeControl "180+1"]
[Date "2022.04.13"]
[WhiteClock "0:00:53"]
[BlackClock "0:01:32"]

1. e4 e5 2. Nf3 Nc6 3. Bb5 a6 4. Ba4 Nf6 5. O-O b5 6. Bb3 Bc5 7. a4 Rb8 8. c3 d6 9. h3 Bb7 10. d4 Bb6 11. a5 Ba7 12. Re1 O-O 13. Bg5 h6 14. Bh4 g5 15. Nxg5 hxg5 16. Bxg5 Kg7 17. Re3 Ne7 18. Bxf6+ Kxf6 19. Qh5 Kg7 20. Rg3+ Ng6 21. Bxf7 Rxf7 22. Rxg6+ Kf8 1/2-1/2


[Site "https://www.chess.com"]

[Event "Titled Tuesday Blitz April 12 Late 2022"]
[White "Lashkin, Jegor"]
[Black "Andreikin, Dmitry"]
[WhiteFideId "13907808"]
[BlackFideId "4158814"]
[WhiteElo "2368"]
[BlackElo "2736"]
[Result "0-1"]
[Round "07"]
[TimeControl "180+1"]
[Date "2022.04.12"]
[WhiteClock "0:00:05"]
[BlackClock "0:00:14"]

1. d4 Nf6 2. c4 e6 3. Nf3 d5 4. Nc3 c6 5. e3 a6 6. b3 Bb4 7. Bd2 Nbd7 8. Qc2 O-O 9. Bd3 Bd6 10. O-O e5 11. cxd5 cxd5 12. dxe5 Nxe5 13. Be2 Bg4 14. Nd4 Rc8 15. Bxg4 Nexg4 16. h3 Bh2+ 17. Kh1 Be5 18. Qd3 Nh6 19. Rac1 Bb8 20. Nf3 Qd7 21. Rfd1 Nf5 22. Be1 Ne7 23. Kg1 Rfd8 24. Na4 Rxc1 25. Rxc1 Nc6 26. Nc5 Qe7 27. Nxa6 Bd6 28. b4 Ne5 29. Nxe5 Qxe5 30. Nc5 Qh2+ 31. Kf1 Rc8 32. Qf5 Rc7 33. Qf3 h5 34. Ke2 Ne4 35. Qxh5 Qxg2 36. Qf3 Ng3+ 37. Qxg3 Bxg3 38. Rd1 Bd6 39. Nb3 Rc2+ 40. Rd2 Rxd2+ 41. Bxd2 Qxh3 42. Nd4 Be5 43. Nb5 Qg4+ 0-1


[Site "https://www.chess.com"]

[Event "Titled Tuesday Blitz April 12 Late 2022"]
[White "Le Goff, Ronan"]
[Black "Bilych, Olexiy"]
[WhiteFideId "612073"]
[BlackFideId "14156504"]
[WhiteElo "2498"]
[BlackElo "2671"]
[Result "1-0"]
[Round "07"]
[TimeControl "180+1"]
[Date "2022.04.13"]
[WhiteClock "0:00:40"]
[BlackClock "0:00:25"]

1. d4 Nf6 2. Nf3 d5 3. c4 e6 4. Nc3 Bb4 5. cxd5 exd5 6. Bg5 O-O 7. e3 Bf5 8. Qb3 Bxc3+ 9. Qxc3 Nbd7 10. Be2 c6 11. Qb3 Qb6 12. O-O Ne4 13. Bf4 Bg4 14. Rfc1 Qxb3 15. axb3 Nd2 16. Ra3 Nxf3+ 17. gxf3 Bh3 18. Kh1 a6 19. Rg1 f6 20. Bd3 Rf7 21. Raa1 Be6 22. h4 c5 23. Rac1 Rc8 24. dxc5 Nxc5 25. Bc2 Kf8 26. Bd6+ Ke8 27. Bxh7 Rd7 28. Bg6+ Kd8 29. Bxc5 1-0


[Site "https://www.chess.com"]

[Event "Titled Tuesday Blitz April 12 Late 2022"]
[White "Levin, Anthony"]
[Black "Melikhov, Evgeny V."]
[WhiteFideId "30940680"]
[BlackFideId "4122046"]
[WhiteElo "2087"]
[BlackElo "1931"]
[Result "0-1"]
[Round "07"]
[TimeControl "180+1"]
[Date "2022.04.13"]
[WhiteClock "0:00:03"]
[BlackClock "0:00:21"]

1. d4 Nf6 2. c4 e6 3. g3 d5 4. Bg2 dxc4 5. Nf3 Nc6 6. Qa4 Bb4+ 7. Bd2 Bd6 8. Qxc4 O-O 9. Nc3 e5 10. d5 Ne7 11. O-O a6 12. a4 Ng6 13. Rfd1 h6 14. h3 Nh7 15. e4 f5 16. exf5 Bxf5 17. Re1 Bxh3 18. Bxh3 Rxf3 19. Be6+ Kh8 20. Qg4 Rf6 21. Ne4 Qe7 22. Nxf6 Qxf6 23. Be3 Rf8 24. Kg2 Ne7 25. Rh1 Nf5 26. Bxf5 Qxf5 27. Qxf5 Rxf5 28. Rab1 e4 29. Rhd1 Nf6 30. Rd4 Rxd5 31. Rxd5 Nxd5 32. Rd1 Nxe3+ 33. fxe3 Kg8 34. b3 Kf7 35. Rd4 Kf6 36. Rxe4 b5 37. Kf3 Be5 38. g4 Ke6 39. Ke2 Kd5 40. Kf3 c5 41. axb5 axb5 42. g5 h5 43. Rg4 hxg4+ 0-1


[Site "https://www.chess.com"]

[Event "Titled Tuesday Blitz April 12 Late 2022"]
[White "Lewtak, Damian"]
[Black "Przybylski, Wojciech"]
[WhiteFideId "1141724"]
[BlackFideId "1117599"]
[WhiteElo "2618"]
[BlackElo "2445"]
[Result "0-1"]
[Round "07"]
[TimeControl "180+1"]
[Date "2022.04.13"]
[WhiteClock "0:00:17"]
[BlackClock "0:00:05"]

1. d4 d5 2. a3 Nf6 3. Nf3 Bf5 4. Bf4 c6 5. e3 Nbd7 6. c4 e6 7. Nc3 Be7 8. h3 O-O 9. Bd3 Bg6 10. O-O Re8 11. Ne5 Bxd3 12. Qxd3 Nxe5 13. Bxe5 Nd7 14. Bg3 Bf8 15. Rad1 Nf6 16. e4 dxe4 17. Nxe4 Nxe4 18. Qxe4 Be7 19. Rd2 Bg5 20. Rd3 Bf6 21. Rfd1 a5 22. b3 Qe7 23. a4 Rad8 24. Be5 g6 25. Kf1 Rd7 26. Bxf6 Qxf6 27. d5 cxd5 28. cxd5 e5 29. Rc1 Red8 30. Rc5 Qb6 31. Rb5 Qc7 32. g3 f5 33. Qe1 e4 34. Rc3 Qe5 35. Qc1 Rxd5 36. Rc8 Qd4 37. Kg2 Kg7 38. Qc7+ R8d7 39. Qb8 e3 40. Rg8+ Kh6 41. Qf8+ Kh5 42. g4+ fxg4 43. Qf4 Qxf4 0-1


[Site "https://www.chess.com"]

[Event "Titled Tuesday Blitz April 12 Late 2022"]
[White "Lin, Dachey"]
[Black "Bryakin, Mikhail"]
[WhiteFideId "2029650"]
[BlackFideId "4165314"]
[WhiteElo "2313"]
[BlackElo "2417"]
[Result "1-0"]
[Round "07"]
[TimeControl "180+1"]
[Date "2022.04.12"]
[WhiteClock "0:00:17"]
[BlackClock "0:01:15"]

1. Nc3 c5 2. e4 Nc6 3. f4 g6 4. Nf3 Bg7 5. Bc4 e6 6. f5 Nge7 7. fxe6 dxe6 8. d3 Nd4 9. O-O O-O 10. Bg5 f6 11. Bh4 Kh8 12. Ne2 e5 13. c3 Nxf3+ 14. Rxf3 Bg4 15. Rf1 Qd7 16. h3 Be6 17. Bxe6 Qxe6 18. c4 Nc6 19. Nc3 f5 20. Nd5 Rf7 21. Qd2 f4 22. a3 h6 23. b4 g5 24. Bf2 Nd4 25. Bxd4 cxd4 26. Qe2 Qg6 27. g4 Rc8 28. Kg2 Bf8 29. Kf3 Be7 30. Qg2 Kg7 31. Rac1 b6 32. Rc2 a5 33. Rb1 axb4 34. axb4 Ra8 35. c5 bxc5 36. bxc5 Bd8 37. c6 Rc8 38. Rbc1 Ba5 39. Rc5 Bc3 40. c7 Qd6 41. Rc4 Rd7 42. Rh1 Qa6 43. h4 gxh4 44. g5 h5 45. Qh3 Qd6 46. Qxh4 Qg6 47. Nf6 Rcxc7 48. Nxh5+ Kf7 49. Nf6 Re7 50. Rxc7 Rxc7 51. Qh7+ Qg7 52. Qxg7+ Kxg7 53. Rh7+ Kg6 54. Rxc7 Kxg5 55. Ng4 1-0


[Site "https://www.chess.com"]

[Event "Titled Tuesday Blitz April 12 Late 2022"]
[White "Martinez Alcantara, Jose Eduardo"]
[Black "Savchenko, Boris"]
[WhiteFideId "3805662"]
[BlackFideId "4147332"]
[WhiteElo "2690"]
[BlackElo "2557"]
[Result "1-0"]
[Round "07"]
[TimeControl "180+1"]
[Date "2022.04.12"]
[WhiteClock "0:02:46"]
[BlackClock "0:01:34"]

1. e4 c5 2. Nf3 d6 3. Bb5+ Nd7 4. O-O a6 5. Bxd7+ Bxd7 6. c3 Nf6 7. Re1 e6 8. d4 Be7 9. e5 dxe5 10. dxe5 Nd5 11. c4 Nc7 12. Nc3 Bc6 13. Qe2 O-O 14. Ne4 b5 15. b3 Kh8 16. Bf4 a5 17. Rad1 Qb8 18. Bg5 Qe8 19. Nd6 Bxd6 20. exd6 Na6 21. Be7 Rg8 22. Ne5 bxc4 23. Qh5 g6 24. Bf6+ Rg7 25. Qh6 Qg8 26. Nxc6 Qe8 27. Qxg7# 1-0


[Site "https://www.chess.com"]

[Event "Titled Tuesday Blitz April 12 Late 2022"]
[White "Martinez Reyes, Pedro Ramon"]
[Black "Bordi, Kevin"]
[WhiteFideId "3901807"]
[BlackFideId "621862"]
[WhiteElo "2410"]
[BlackElo "2772"]
[Result "1-0"]
[Round "07"]
[TimeControl "180+1"]
[Date "2022.04.12"]
[WhiteClock "0:01:09"]
[BlackClock "0:00:36"]

1. e3 d5 2. d4 Nf6 3. c4 c6 4. Nf3 Bf5 5. Bd2 e6 6. Qb3 Qb6 7. c5 Qxb3 8. axb3 Nbd7 9. b4 Ne4 10. b5 Be7 11. Nc3 O-O 12. bxc6 bxc6 13. Nxe4 Bxe4 14. Ba6 Rfb8 15. Bc3 Bf6 16. Be2 a5 17. Kd2 a4 18. Ra3 Rb3 19. Rha1 Rab8 20. Rxb3 axb3 21. Ra7 Nf8 22. Rc7 g5 23. Rxc6 g4 24. Ne1 h5 25. Rb6 Rxb6 26. cxb6 Nd7 27. b7 Kf8 28. Bb5 Nb8 29. Ba5 e5 30. Bc7 exd4 31. Bxb8 dxe3+ 32. fxe3 d4 33. Bd6+ Kg7 34. b8=Q 1-0


[Site "https://www.chess.com"]

[Event "Titled Tuesday Blitz April 12 Late 2022"]
[White "Matlakov, Maxim"]
[Black "Yanchenko, Roman"]
[WhiteFideId "4168003"]
[BlackFideId "4137329"]
[WhiteElo "2669"]
[BlackElo "2514"]
[Result "1-0"]
[Round "07"]
[TimeControl "180+1"]
[Date "2022.04.12"]
[WhiteClock "0:00:18"]
[BlackClock "0:00:03"]

1. e4 e6 2. d4 d5 3. e5 c5 4. c3 Qb6 5. Nf3 Bd7 6. Bd3 Bb5 7. dxc5 Bxc5 8. b4 Bf8 9. O-O Bxd3 10. Qxd3 Nc6 11. a4 Nge7 12. Na3 a6 13. b5 Na5 14. Rb1 Qc7 15. bxa6 bxa6 16. Be3 Nc4 17. Nxc4 dxc4 18. Qe4 Nd5 19. Bd4 Be7 20. Qg4 O-O 21. Nd2 Rfb8 22. Ne4 Rxb1 23. Rxb1 Rb8 24. Rd1 Qc6 25. Nf6+ Kh8 26. Nxd5 exd5 27. e6 f6 28. h4 Qxa4 29. h5 Qc6 30. h6 g6 31. Ra1 Kg8 32. g3 Ra8 33. Rb1 a5 34. Rb6 Qc7 35. Qf3 Qd8 36. Rb7 a4 37. Rd7 Qf8 38. Qxd5 a3 39. Rxe7 a2 40. Kg2 a1=Q 41. Rg7+ Qxg7 42. hxg7 Qa5 43. Qd7 h5 44. Qf7+ Kh7 45. g8=Q+ Kh6 46. Qgxg6# 1-0


[Site "https://www.chess.com"]

[Event "Titled Tuesday Blitz April 12 Late 2022"]
[White "Melkumyan, Hrant"]
[Black "Santos Ruiz, Miguel"]
[WhiteFideId "13302485"]
[BlackFideId "22291482"]
[WhiteElo "2604"]
[BlackElo "2486"]
[Result "1-0"]
[Round "07"]
[TimeControl "180+1"]
[Date "2022.04.12"]
[WhiteClock "0:00:51"]
[BlackClock "0:00:05"]

1. e4 e5 2. Nf3 Nc6 3. Bc4 Nf6 4. d3 Bc5 5. O-O O-O 6. h3 d6 7. a4 Be6 8. Bxe6 fxe6 9. a5 d5 10. Nbd2 Bd6 11. c3 Nb8 12. b4 Nbd7 13. a6 b5 14. Qb3 c6 15. c4 Rb8 16. c5 Bc7 17. Bb2 Qe8 18. Rae1 Qh5 19. Qd1 Rbe8 20. Nb3 h6 21. Nh2 Qg6 22. Bc1 Rf7 23. Bd2 Kh7 24. Qe2 Nb8 25. g3 Rd8 26. Kg2 Nbd7 27. Bc3 Rdf8 28. Ng4 Nh5 29. Bd2 Nhf6 30. Bc1 Nxg4 31. Qxg4 Qxg4 32. hxg4 Kg6 33. f3 Kf6 34. Bb2 Ke7 35. exd5 exd5 36. Nd4 Rf6 37. Nf5+ Kf7 38. f4 Re8 39. fxe5 Nxe5 40. Nd6+ Bxd6 41. cxd6 Rxf1 42. Rxf1+ 1-0


[Site "https://www.chess.com"]